 Dungeon Crawl Stone Soup version 0.23.2-1-ga50397a (webtiles) character file.

Game seed: 4248443464880833900

125 schauveau the Covered (level 5, -16/33 HPs)
             Began as a Gargoyle Fighter on Apr 27, 2019.
             Demolished by an ogre
             ... wielding a +0 giant club
              (17 damage)
             ... on level 4 of the Dungeon.
             The game lasted 00:02:12 (995 turns).

schauveau the Covered (Gargoyle Fighter)             Turns: 995, Time: 00:02:13

Health: -16/33     AC: 12    Str: 20    XL:     5   Next: 9%
Magic:  5/5        EV:  7    Int:  9    God:
Gold:   35         SH:  9    Dex:  9    Spells: 4/4 levels left

rFire    . . .     SeeInvis .   a - +0 flail
rCold    . . .     Gourm    .   c - +0 shield
rNeg     + . .     Faith    .   b - +0 scale mail
rPois    ∞         Spirit   .   (no helmet)
rElec    +         Reflect  .   (no cloak)
rCorr    .         Harm     .   (no gloves)
MR       .....                  j - +0 pair of boots
Stlth    ..........             (no amulet)
HPRegen  0.11/turn              (no ring)
MPRegen  0.09/turn              (no ring)

@: no status effects
A: negative energy resistance 1, electricity resistance, unbreathing,
petrification resistance, rot immunity, AC +4
a: no special abilities


You were on level 4 of the Dungeon.
You were not hungry.

You visited 1 branch of the dungeon, and saw 4 of its levels.

You collected 35 gold pieces.

Inventory:

Hand Weapons
 a - a +0 flail (weapon)
Missiles
 g - 2 stones (quivered)
Armour
 b - a +0 scale mail (worn)
 c - a +0 shield (worn)
 j - a +0 pair of boots (worn)
Scrolls
 e - 2 scrolls of identify {unknown}
 i - 2 scrolls of immolation {unknown}
Potions
 d - a potion of might
 h - a potion of mutation {unknown}
Comestibles
 f - 2 rations
 k - 5 chunks of flesh


   Skills:
 + Level 4.0 Fighting
 * Level 3.5 Maces & Flails
 + Level 4.0 Armour
 + Level 3.9 Shields


You had 4 spell levels left.
You didn't know any spells.
Your spell library contained the following spells:

 Spells                   Type           Power        Failure   Level  Hunger
 Magic Dart               Conj           #...         99%         1    ##.....
 Blink                    Tloc           N/A          100%        2    ###....
 Call Imp                 Summ           #.......     100%        2    ###....
 Slow                     Hex            #.......     100%        2    ###....
 Conjure Flame            Conj/Fire      #.......     100%        3    ####...
 Mephitic Cloud           Conj/Pois/Air  #.......     100%        3    ####...


Dungeon Overview and Level Annotations

Branches:
Dungeon (4/15)
 Temple: D:4-7

Altars:


Innate Abilities, Weirdness & Mutations

You are resistant to torment.
Your stone body is resilient. (AC +4)
You are immune to poison.
You resist negative energy. (rN+)
You are resistant to electric shocks. (rElec)
You can survive without breathing.
You are immune to petrification.
You are immune to rotting.


Message History

Things that are here:
a +0 flail; a +0 ring mail You start resting.
Eating one of 6 chunks of flesh.
You eat one of the 6 chunks of flesh.
This raw flesh tastes terrible.
An adder comes into view.
The adder hisses angrily.
An ogre comes into view. It is wielding a +0 giant club.
The ogre shouts!
You sock the adder!
You kill the adder!
You thump the ogre!
The ogre is moderately wounded.
The ogre hits you with a +0 giant club!!
Ouch! That really hurt!
* * * LOW HITPOINT WARNING * * *
You hit the ogre.
The ogre is heavily wounded.
The ogre hits you with a +0 giant club!
Ouch! That really hurt!
You die...

......
#...###)##[#...
......##.....†.....#
.......#.......##..#
#............###....
##............#...###
#.....)...........#
#.................#
#................#
##.##......@....##
###..<.##.O...##
#.....##....#
#...........#
..............#
...##.....###....
...#. ##>..## #....
..##. #.## .... #. .(


You could see an ogre.

Vanquished Creatures
  2 orc priests (D:4)
  3 adders
  An ooze (D:1)
  3 worms (D:2)
  A leopard gecko (D:4)
  An orc (D:4)
  2 bats (D:1)
  4 giant cockroaches
  4 goblins
  A ball python (D:3)
  A frilled lizard (D:1)
  3 kobolds (D:1)
  A leopard gecko skeleton (D:4)
  2 rats
29 creatures vanquished.

Notes
Turn   | Place    | Note
-------+----------+-------------------------------------------
     0 | D:1      | schauveau the Gargoyle Fighter began the quest for the Orb.
     0 | D:1      | Reached XP level 1. HP: 14/14 MP: 1/1
   103 | D:1      | Reached XP level 2. HP: 19/19 MP: 2/2
   575 | D:2      | Reached XP level 3. HP: 14/23 MP: 3/3
   925 | D:4      | Reached XP level 4. HP: 28/29 MP: 4/4
   974 | D:4      | Reached XP level 5. HP: 20/33 MP: 5/5
   989 | D:4      | Noticed an ogre
   994 | D:4      | HP: 1/33 [ogre/+0 giant club (22)]
   995 | D:4      | Demolished by an ogre

Skill      XL: |  1  2  3  4 |
---------------+-------------+-----
Maces & Flails | 3 |  3.5
Fighting       | 4 |  4.0
Armour         | 4 |  4.0
Shields        | |  3.9

Action                   |  1- 3 |  4- 6 || total
-------------------------+-------+-------++-------
Melee: Flail             |   117 |    20 ||   137
  Eat: Chunk             |       |     1 ||     1
Armor: Scale mail        |    64 |     9 ||    73
Dodge: Dodged            |    24 |     1 ||    25
Block: Shield            |    66 |     7 ||    73
